 Dungeon Crawl Stone Soup version 0.21.1-1-g345015fe64 (webtiles) character file.

189 Knicklaso the Chopper (level 5, 0/42 HPs)
             Began as a Demonspawn Chaos Knight on Apr 10, 2018.
             Slain by Edmund
             ... wielding a +0 flail of holy wrath
              (2 damage)
             ... on level 6 of the Dungeon.
             The game lasted 00:05:03 (1747 turns).

Knicklaso the Chopper (Demonspawn Chaos Knight)     Turns: 1747, Time: 00:05:04

Health: 0/42       AC:  5    Str: 13    XL:     5   Next: 40%
Magic:  5/5        EV: 11    Int: 14    God:    Xom [.*....]
Gold:   108        SH:  0    Dex: 12    Spells: 4/4 levels left

rFire    . . .     SeeInvis .   a - +0 hand axe (chaos)
rCold    . . .     Gourm    .   (no shield)
rNeg     . . .     Faith    .   b - +2 leather armour
rPois    .         Spirit   .   (no helmet)
rElec    .         Reflect  .   (no cloak)
rCorr    .         Harm     .   (no gloves)
MR       .....                  (no boots)
Stlth    +++.......             (no amulet)
HPRegen  0.14/turn              (no ring)
MPRegen  0.09/turn              (no ring)

@: hasted, very quick
A: nightstalker 2
a: Renounce Religion


You were on level 6 of the Dungeon.
You worshipped Xom.
You were a plaything of Xom.
You were not hungry.

You visited 1 branch of the dungeon, and saw 4 of its levels.

You collected 108 gold pieces.

Inventory:

Hand Weapons
 a - a +0 hand axe of chaos (weapon)
Armour
 b - a +2 leather armour (worn)
Jewellery
 l - an uncursed ring of protection from magic {unknown}
Scrolls
 d - 2 scrolls of teleportation {unknown}
 e - 2 scrolls of remove curse {unknown}
 f - 2 scrolls of blinking {unknown}
 h - 5 scrolls of identify {unknown}
 n - a scroll of magic mapping {unknown}
 p - a scroll of amnesia {unknown}
 q - a scroll of enchant armour {unknown}
 s - a scroll of fear {unknown}
Potions
 k - a potion of lignification {unknown}
 m - a potion of ambrosia {unknown}
 o - a potion of flight
 r - a potion of might {unknown}
Comestibles
 c - 3 rations


   Skills:
 + Level 4.0 Fighting
 * Level 4.4 Axes
 + Level 2.9 Armour
 - Level 0.8 Dodging


You had 4 spell levels left.
You didn't know any spells.

Dungeon Overview and Level Annotations

Branches:
Dungeon (3/15)

Altars:

Annotations:
D:6 Edmund


Innate Abilities, Weirdness & Mutations

You are significantly more attuned to the shadows.


Message History

You are too injured to fight recklessly!
Edmund barely misses you.
You hit Edmund but do no damage.
Edmund is lightly wounded.
Edmund barely misses himself.
Your leather armour prevents you from hitting Edmund.
Edmund is lightly wounded. "Serve the mortal, my child!"
Edmund seems less confused.
Edmund hits you with a flail of holy wrath.
* * * LOW HITPOINT WARNING * * *
You convulse.
* * * LOW HITPOINT WARNING * * *
You hit Edmund but do no damage.
Edmund is lightly wounded.
Edmund hits you with a flail of holy wrath.
* * * LOW HITPOINT WARNING * * *
You convulse.
You die...
Xom cackles wildly!

#..## #.
#...##.
#...?.
##....#
#.....#
#.....#
##....#
#..@.#
#.@5.#
#....#
#.##.##
## #..#
#..####
#.....#
##.....#
#...)..#


You could see Edmund and a friendly white imp.

Vanquished Creatures
  An orc priest (D:6)
  3 orc wizards
  2 adders
  3 worms
  A leopard gecko (D:1)
  8 orcs
  2 ball pythons
  10 bats
  A giant cockroach (D:2)
  4 goblins
  5 hobgoblins
  A quokka (D:3)
  3 frilled lizards
  5 kobolds
  7 rats
56 creatures vanquished.

Vanquished Creatures (collateral kills)
  A goblin (D:2)
1 creature vanquished.

Vanquished Creatures (others)
  A shadow imp (D:6)
1 creature vanquished.

Grand Total: 58 creatures vanquished

Notes
Turn   | Place    | Note
-------+----------+-------------------------------------------
     0 | D:1      | Knicklaso the Demonspawn Chaos Knight began the quest for the Orb.
     0 | D:1      | Reached XP level 1. HP: 18/18 MP: 1/1
   102 | D:1      | Gained mutation: You are slightly more attuned to the shadows. [demonic ancestry]
   102 | D:1      | Reached XP level 2. HP: 24/24 MP: 2/2
   102 | D:1      | XOM: potion effect (invisibility)
   424 | D:1      | Reached XP level 3. HP: 25/29 MP: 3/3
   638 | D:1      | XOM: harmless Tmut miscast
   804 | D:2      | XOM: divination: detect creatures
  1463 | D:3      | Reached XP level 4. HP: 22/35 MP: 4/4
  1477 | D:3      | XOM: confuse monster(s)
  1547 | D:3      | XOM: mild Pois miscast
  1667 | D:3      | You fall through a shaft for 3 floors!
  1667 | D:6      | Noticed Edmund
  1676 | D:6      | XOM: confuse monster(s)
  1687 | D:6      | XOM: potion effect (haste)
  1699 | D:6      | Gained mutation: You are significantly more attuned to the shadows. [demonic ancestry]
  1699 | D:6      | Reached XP level 5. HP: 24/42 MP: 5/5
  1736 | D:6      | XOM: confuse monster(s)
  1746 | D:6      | XOM: summons friendly white imp
  1747 | D:6      | HP: 2/42 [Edmund/flail of holy wrath (1)]
  1747 | D:6      | Slain by Edmund

Skill      XL: |  1  2  3  4  5 |
---------------+----------------+-----
Axes           | 3 4 |  4.4
Armour         | 2 |  2.9
Fighting       | 4 |  4.0
Dodging        | |  0.8

Action                   |  1- 3 |  4- 6 || total
-------------------------+-------+-------++-------
Melee: Hand axe          |   110 |    62 ||   172
  Use: Potion            |       |     5 ||     5
 Stab: Sleeping          |     5 |       ||     5
       Invisible         |     1 |       ||     1
       Confused          |     1 |     1 ||     2
  Eat: Chunk             |     1 |     2 ||     3
Armor: Leather armour    |    49 |     7 ||    56
Dodge: Dodged            |    75 |    36 ||   111
